 Dungeon Crawl Stone Soup version 0.30-a0-137-gd8773701ce (webtiles) character file.

Game seed: 8886012485714644381

641 blackman the Spear-Bearer (level 7, -7/51 (52) HPs)
             Began as a Human Delver on Sept 23, 2022.
             Shot with a sling bullet by a goblin (8 damage)
             ... on level 2 of the Dungeon.
             The game lasted 00:09:36 (3240 turns).

blackman the Spear-Bearer (Human Delver)            Turns: 3240, Time: 00:09:36

HP:   -7/51 (52)    AC:  5    Str: 15    XL:     7   Next: 81%
MP:   7/7           EV: 12    Int: 10    God:
Gold: 126           SH:  0    Dex: 14    Spells: 6/6 levels left

rFire   + . .      SeeInvis .    a - +0 spear
rCold   . . .      Faith    .    (no shield)
rNeg    . . .      Spirit   .    k - +2 robe {rF+}
rPois   .          Reflect  .    l - +0 helmet
rElec   .          Harm     .    (no cloak)
rCorr   .          Rampage  .    (no gloves)
Will    .....                    (no boots)
Stlth   +++.......               (no amulet)
HPRegen 0.17/turn                (no ring)
MPRegen 0.10/turn                (no ring)

@: mighty, lightly drained
A: no striking features
a: no special abilities


You were on level 2 of the Dungeon.
You visited 1 branch of the dungeon, and saw 6 of its levels.

You collected 126 gold pieces.

Inventory:

Hand Weapons
 a - a +0 spear (weapon)
 b - a +4 sling
Missiles
 o - 4 poisoned darts
Armour
 j - a +0 leather armour
 k - a +2 robe of fire resistance (worn)
 l - a +0 helmet (worn)
Jewellery
 i - a ring of protection from fire
Wands
 g - a wand of digging (2)
Scrolls
 c - 2 scrolls of fog
 e - 2 scrolls of fear
 m - a scroll of silence {unknown}
 n - a scroll of immolation {unknown}
 p - a scroll of magic mapping
 q - 3 scrolls of identify {unknown}
Potions
 d - a potion of might
 f - a potion of haste
 h - a potion of berserk rage {unknown}


   Skills:
 - Level 3.0 Fighting
 + Level 8.2 Polearms
 - Level 2.0 Dodging
 - Level 5.0 Stealth


You had 6 spell levels left.
You didn't know any spells.
Your spell library contained the following spells:

 Spells                   Type           Power      Damage    Failure   Level
 Apportation              Tloc           0%         N/A       36%         1
 Necrotise                Necr           0%         1d4       36%         1
 Summon Small Mammal      Summ           0%         N/A       36%         1
 Inner Flame              Hex/Fire       0%         N/A       75%         3
 Cause Fear               Hex            0%         N/A       98%         4
 Discord                  Hex            0%         N/A       100%        8


Dungeon Overview and Level Annotations

Branches:
Dungeon (7/15)
 Temple: D:4-7

Altars:
Sif Muna

Annotations:
D:5 1 transporter


Message History

Aim: a hobgoblin (almost dead, about 34% to evade your +0 spear)
You hit the hobgoblin.
You kill the hobgoblin!
The goblin unwields a +0 dagger.
The goblin wields a +4 sling.
The goblin shoots a sling bullet.
The sling bullet hits you!
* * * LOW HITPOINT WARNING * * *
Reach: a) +0 spear
Press: ? - help, Dir - move target, f - you That would be overly suicidal.
Okay, then.
Unknown command.
Unknown command.
The goblin shoots a sling bullet.
The sling bullet closely misses you.
Items here: )) †††.
b - a +4 sling (weapon)
There is an open door here.
You are too injured to fight recklessly!
Fire: b) +4 sling
Press: ? - help, Shift-Dir - straight line, f - dart slug
Aim: a dart slug (93% to hit)
You shoot a sling bullet. The sling bullet hits the dart slug.
The dart slug is heavily wounded.
Fire: b) +4 sling
Press: ? - help, Shift-Dir - straight line, f/p - dart slug
Aim: a dart slug (heavily wounded, 93% to hit)
You shoot a sling bullet. The sling bullet hits the dart slug!
You kill the dart slug!
a - a +0 spear (weapon)
The goblin shoots a sling bullet.
The sling bullet hits you.
* * * LOW HITPOINT WARNING * * *
You hit the goblin.
The goblin is moderately wounded.
You hit the goblin.
You kill the goblin!
The goblin shoots a sling bullet.
The sling bullet hits you.
* * * LOW HITPOINT WARNING * * *
It was a potion of might.
You feel very mighty all of a sudden.
The goblin shoots a sling bullet.
The sling bullet hits you!
You die...

#.....# #
##.....####
#.........#
#.........#
#......[..#
###'########
#..g†g!...##
#.)##......#
#.@##......#
#..##.w$...#
#..##......#
#..#.......#
#..........#
#.....g....#
#.._?[.....#
#..........#


You could see a goblin.

Vanquished Creatures
  A water moccasin (D:5)
  An ice beast (D:7)
  2 sky beasts (D:6)
  A scorpion (D:4)
  A howler monkey (D:6)
  A hound (D:7)
  2 iguanas (D:6)
  Robin (D:2)
  3 gnolls
  An adder (D:6)
  A dart slug (D:2)
  An orc (D:3)
  2 bats
  4 endoplasms
  4 goblins
  8 hobgoblins
  A quokka (D:3)
  A ball python (D:2)
  A frilled lizard (D:3)
  A kobold (D:2)
  A rat (D:3)
39 creatures vanquished.

Notes
Turn   | Place    | Note
-------+----------+-------------------------------------------
     0 | D:5      | blackman the Human Delver began the quest for the Orb.
     0 | D:5      | Reached XP level 1. HP: 18/18 MP: 1/1
    88 | D:6      | Noticed an iguana
    97 | D:6      | Killed an iguana
    98 | D:6      | Reached skill level 3 in Polearms
    98 | D:6      | Reached XP level 2. HP: 24/24 MP: 2/2
    98 | D:6      | Reached XP level 3. HP: 29/29 MP: 3/3
   312 | D:6      | Noticed a sky beast
   344 | D:7      | Noticed an ice beast
   354 | D:7      | Killed an ice beast
   355 | D:7      | Reached skill level 5 in Polearms
   355 | D:7      | Reached XP level 4. HP: 35/35 MP: 4/4
   355 | D:7      | Reached XP level 5. HP: 41/41 MP: 5/5
  1727 | D:6      | Reached XP level 6. HP: 16/47 MP: 6/6
  1798 | D:6      | Reached skill level 6 in Polearms
  2037 | D:6      | Killed a sky beast
  2044 | D:6      | Noticed a sky beast
  2053 | D:6      | Killed a sky beast
  2054 | D:6      | Reached skill level 7 in Polearms
  2054 | D:6      | Reached XP level 7. HP: 52/52 MP: 7/7
  2587 | D:5      | Noticed a water moccasin
  2598 | D:5      | Killed a water moccasin
  2617 | D:5      | Found a transporter.
  2700 | D:4      | Reached skill level 8 in Polearms
  3149 | D:2      | Noticed Robin
  3175 | D:2      | Killed Robin
  3217 | D:2      | Found a shimmering blue altar of Sif Muna.
  3239 | D:2      | HP: 1/51 [goblin/sling bullet (6)]
  3240 | D:2      | Shot with a sling bullet by a goblin

Illustrated notes

Levels and vault maps discovered:
D:2:      layout_basic, basic_altar, minmay_misc_feat_diagonals, uniq_robin
D:3:      layout_basic, minmay_curled_crystal
D:4:      layout_loops_ring
D:5:      gammafunk_steamed_eel, layout_cave_pods, kennysheep_nondescript,
          solitary_fountain, st_stairs_5, kennysheep_path_1,
          serial_park_tiny_pond
D:6:      nicolae_cairo_tiling_very_big, layout_basic
D:7:      layout_basic, minmay_temple_entry_antechambers

Skill      XL: |  1  2  3  4  5  6  7 |
---------------+----------------------+-----
Polearms       | 3 5 7 8 |  8.2
Fighting       | |  3.0
Dodging        | |  2.0
Stealth        | |  5.0

Action                   |  1- 3 |  4- 6 |  7- 9 || total
-------------------------+-------+-------+-------++-------
Melee: Spear             |    18 |    64 |   137 ||   219
       Punch             |     1 |     1 |     1 ||     3
 Fire: Sling             |       |       |     4 ||     4
Evoke: Wand              |     4 |     7 |     2 ||    13
  Use: Scroll            |       |       |     4 ||     4
       Potion            |       |       |     1 ||     1
 Stab: Paralysed         |    11 |    20 |     8 ||    39
       Sleeping          |       |       |     4 ||     4
Armor: Leather armour    |       |     6 |     6 ||    12
       Robe              |       |       |    19 ||    19
Dodge: Dodged            |     4 |    13 |    71 ||    88

Table legend: (Time is in decaauts)
 A = Elapsed time spent in this place.
 B = Non-inter-level travel time spent in this place.
 C = Inter-level travel time spent in this place.
 D = Time resting spent in this place.
 E = Time spent auto-exploring this place.
 F = Levels seen in this place.
 G = Mean time per level.
                   A        B        C        D        E       F      G
               +--------+--------+--------+--------+--------+-----+--------+
         Total |   3185 |   2999 |    186 |   1208 |   1097 |   6 |  530.8 |
       Dungeon |   3185 |   2999 |    186 |   1208 |   1097 |   6 |  530.8 |
               +--------+--------+--------+--------+--------+-----+--------+

Top non-repeatable levels by time:
     D:6: 2052 daAuts
     D:7: 498 daAuts
     D:3: 339 daAuts
     D:2: 118 daAuts
     D:5: 101 daAuts
     D:4: 75 daAuts
